 Dungeon Crawl Stone Soup version 0.30-a0-916-g9813417 (webtiles) character file.

Game seed: 10511485848313055288

482 Nithhogg the Chopper (level 7, -2/61 HPs)
             Began as a Hill Orc Fighter on Mar 20, 2023.
             Slain by Pikel
             ... wielding a +0 whip of freezing
              (9 damage)
             ... on level 4 of the Dungeon.
             The game lasted 00:04:57 (2798 turns).

Nithhogg the Chopper (Hill Orc Fighter)             Turns: 2798, Time: 00:04:58

Health: -2/61      AC:  8    Str: 20    XL:     7   Next: 12%
Magic:  9/9        EV:  9    Int:  7    God:
Gold:   132        SH:  0    Dex: 14    Spells: 6/6 levels left

rFire   . . .      SeeInvis .    o - +0 war axe (freeze)
rCold   . . .      Faith    .    (no shield)
rNeg    . . .      Spirit   .    b - +0 scale mail
rPois   .          Reflect  .    (no helmet)
rElec   .          Rampage  .    (no cloak)
rCorr   .          Rnd*Tele +    (no gloves)
Will    .....                    (no boots) Stlth
                                 (no amulet)
HPRegen 0.30/turn                (no ring)
MPRegen 0.11/turn                (no ring)

@: no status effects
A: agile 1, shaggy fur 1, teleportitis 1
a: no special abilities


You were on level 4 of the Dungeon.
You visited 1 branch of the dungeon, and saw 4 of its levels.

You collected 215 gold pieces.
You spent 83 gold pieces at shops.

Inventory:

Hand Weapons
 a - a +0 war axe
 o - a +0 war axe of freezing (weapon)
Armour
 b - a +0 scale mail (worn)
 c - a +0 buckler
 f - the +1 leather armour of Satisfaction {rN+ Will- Dex+5}
   (You found it on level 3 of the Dungeon)

   Dex:       It affects your dexterity (+5).
   rN:        It protects you from negative energy.
   Will:      It decreases your willpower.
Jewellery
 e - a ring of positive energy
 l - a ring of fire
Wands
 s - a wand of flame (20)
 v - a wand of roots (7)
Scrolls
 g - 2 scrolls of amnesia {unknown}
 h - 5 scrolls of identify {unknown}
 j - a scroll of immolation
 k - a scroll of enchant armour {unknown}
 m - 2 scrolls of enchant weapon {unknown}
 q - a scroll of torment {unknown}
 u - a scroll of poison {unknown}
 w - a scroll of vulnerability {unknown}
 x - a scroll of fog {unknown}
Potions
 d - a potion of might
 i - a potion of brilliance {unknown}
 n - a potion of flight {unknown}
 p - 2 potions of degeneration {unknown}
 r - 4 potions of curing {unknown}
 t - a potion of mutation


   Skills:
 + Level 5.3 Fighting
 * Level 6.5 Axes
 + Level 4.7 Armour
 - Level 3.3 Shields
 + Level 3.9 Invocations


You had 6 spell levels left.
You didn't know any spells.
Your spell library contained the following spells:

 Spells                   Type           Power      Damage    Failure   Level
 Beastly Appendage        Tmut           0%         N/A       77%         1
 Kiss of Death            Conj/Necr      0%         2d5       77%         1
 Sandblast                Erth           0%         2d4       77%         1
 Passwall                 Tmut/Erth      0%         N/A       88%         2
 Wereblood                Tmut           0%         N/A       88%         2
 Confusing Touch          Hex            0%         N/A       98%         3
 Dazzling Flash           Conj/Hex       0%         N/A       98%         3
 Spider Form              Tmut/Pois      0%         N/A       98%         3
 Stone Arrow              Conj/Erth      0%         3d7       98%         3
 Dispel Undead            Necr           0%         3d6       100%        4
 Agony                    Necr           0%         N/A       100%        5
 Silence                  Hex/Air        0%         N/A       100%        5


Dungeon Overview and Level Annotations

Branches:
Dungeon (4/15)
 Temple: D:4-7

Altars:
Cheibriados
Dithmenos
Elyvilon
Kikubaaqudgha

Shops:
D:3 (

Annotations:
D:4 Pikel


Innate Abilities, Weirdness & Mutations

You are agile. (Dex +4, Str/Int -1)
You are covered in fur. (AC +1)
You are occasionally teleported next to monsters.


Message History

The lemure shouts!
You slash the lemure! You freeze the lemure.
The lemure is moderately wounded.
The lemure barely misses you.
You barely miss Pikel. You barely miss the lemure.
Pikel hits you with a +0 whip of freezing!
Pikel freezes you. The lemure hits you!
Pikel hits you with a +0 whip of freezing.
Pikel freezes you. The lemure hits you.
You barely miss Pikel. You hit the lemure. You freeze the lemure.
You hit the lemure. You freeze the lemure. Pikel barely misses you.
The lemure hits you. x2
You completely miss Pikel. You hit the lemure. You freeze the lemure.
You barely miss the lemure.
Pikel hits you with a +0 whip of freezing!
Pikel freezes you.
* * * LOW HITPOINT WARNING * * *
The lemure hits you.
* * * LOW HITPOINT WARNING * * *
The lemure completely misses you. Pikel attacks as you move away!
Pikel hits you but does no damage. The lemure attacks as you move away!
The lemure closely misses you. Pikel attacks as you move away!
Pikel barely misses you.
Press: ? - help, v - describe, . - travel
Here: Pikel, wielding a +0 whip of freezing and wearing a +1 robe of positive energy The floor.
Pikel attacks as you move away! Pikel barely misses you.
As you read the scroll labelled DIERAG QEAFAC, it crumbles to dust.
The creatures around you are filled with an inner flame!
It was a scroll of immolation.
Pikel hits you with a +0 whip of freezing!
* * * LOW HITPOINT WARNING * * *
Pikel freezes you.
* * * LOW HITPOINT WARNING * * *
Okay, then.
Okay, then.
It was a potion of mutation.
You feel extremely strange.
You feel weirdly uncertain.
You feel agile. Fur sprouts all over your body.
Pikel hits you with a +0 whip of freezing!
You die...

###..# #.###
#..##...#....# .....
.... #.# #...#....#
#... #..
#.###..##....# #...
#.# #......###....
#...##.#####.....##
#...#
#...<5.....#...###
#...#
#.....5....#.####
##..#
#...##5#####.†..####
#..# #..>
#5K@..#)).....# ##..
.....
#####........... ##.
###.#. ###.........
## #... #.###.#### #
.# #.# ... . #.# ...
#.# ..# #.. ... #..


You could see Pikel (inner flame) and 2 lemures.

Vanquished Creatures
  Sigmund (D:3)
  A scorpion (D:4)
  Crazy Yiuf (D:2)
  A jelly (D:4)
  Ijyb (D:4)
  Robin (D:3)
  2 gnolls
  5 adders
  3 worms
  A dart slug (D:2)
  3 bats
  4 endoplasms
  5 giant cockroaches
  15 hobgoblins
  7 jackals (D:2)
  3 quokkas
  3 ball pythons
  A frilled lizard (D:2)
  13 goblins
  5 kobolds
  6 rats
82 creatures vanquished.

Notes
Turn   | Place    | Note
-------+----------+-------------------------------------------
     0 | D:1      | Nithhogg the Hill Orc Fighter began the quest for the Orb.
     0 | D:1      | Reached XP level 1. HP: 19/19 MP: 1/1
    18 | D:1      | HP: 1/20 [gnoll/+0 whip (6)]
    21 | D:1      | Reached skill level 3 in Axes
    21 | D:1      | Reached XP level 2. HP: 3/27 MP: 2/2
   274 | D:1      | Reached skill level 1 in Invocations
   776 | D:2      | You fall into a shaft and drop 1 floor!
   776 | D:3      | Found Laoh Sil's Weapon Shoppe.
   788 | D:3      | Reached XP level 3. HP: 29/33 MP: 3/3
   848 | D:3      | Found a white marble altar of Elyvilon.
   922 | D:3      | Bought a +0 war axe of freezing for 83 gold pieces
  1064 | D:2      | Reached skill level 4 in Axes
  1068 | D:2      | Reached XP level 4. HP: 21/40 MP: 5/5
  1142 | D:2      | Found a snail-covered altar of Cheibriados.
  1326 | D:2      | Found a runed translucent door.
  1327 | D:2      | Noticed Crazy Yiuf
  1584 | D:2      | Killed Crazy Yiuf
  1585 | D:2      | Reached XP level 5. HP: 25/47 MP: 6/6
  1833 | D:3      | Noticed Sigmund
  1858 | D:3      | Killed Sigmund
  1859 | D:3      | Reached skill level 5 in Axes
  1859 | D:3      | Reached XP level 6. HP: 20/55 MP: 6/8
  1998 | D:3      | Noticed Robin
  2011 | D:3      | Killed Robin
  2012 | D:3      | Reached skill level 5 in Fighting
  2159 | D:3      | Found an ancient bone altar of Kikubaaqudgha.
  2238 | D:3      | Identified the +1 leather armour of Satisfaction {rN+ Will-
                  | Dex+5}
  2353 | D:4      | Noticed Ijyb
  2358 | D:4      | Reached skill level 6 in Axes
  2362 | D:4      | Killed Ijyb
  2519 | D:4      | Found a shadowy altar of Dithmenos.
  2578 | D:4      | Reached XP level 7. HP: 42/61 MP: 9/9
  2786 | D:4      | Noticed Pikel
  2798 | D:4      | Gained mutation: You are occasionally teleported next to
                  | monsters. [potion of mutation]
  2798 | D:4      | Gained mutation: You are agile. (Dex +4, Str/Int -1)
                  | [potion of mutation]
  2798 | D:4      | Gained mutation: You are covered in fur. (AC +1) [potion of
                  | mutation]
  2798 | D:4      | Slain by Pikel

Illustrated notes

Levels and vault maps discovered:
D:1:      spicycebolla_green_bress_n_ham, layout_loops_cross
D:2:      layout_rooms, basic_altar, grunt_decor_fettered,
          uniq_crazy_yiuf_cottage
D:3:      layout_rooms, lemuel_crystal_altar,
          nicolae_kikubaaqudgha_miasma_corner, serial_shops,
          nicolae_shop_bloodbath_and_beyond, kennysheep_flooded_box,
          serial_bayou_pond_e, uniq_robin, uniq_sigmund
D:4:      minmay_recursive_quarters, layout_loops_ring,
          grunt_dithmenos_smoke_and_mirrors, serial_shops, shop, serial_glass,
          glass_columns_b, glass_columns_b, glass_columns_b,
          minmay_fractal_squares_5, uniq_pikel, uniq_ijyb, uniq_grinder

Skill      XL: |  1  2  3  4  5  6 |
---------------+-------------------+-----
Axes           | 3 4 5 6 |  6.5
Invocations    | 1 2 3 |  3.9
Fighting       | 4 5 |  5.3
Armour         | 4 |  4.7
Shields        | |  3.3

Action                     |  1- 3 |  4- 6 |  7- 9 || total
---------------------------+-------+-------+-------++-------
  Melee: War axe           |    59 |   119 |    27 ||   205
         Punch             |       |     1 |       ||     1
    Use: Scroll            |       |     2 |     1 ||     3
         Potion            |       |       |     1 ||     1
 Armour: Scale mail        |    28 |    52 |     5 ||    85
  Dodge: Dodged            |    26 |    67 |    14 ||   107
  Block: Buckler           |     2 |       |       ||     2

Table legend: (Time is in decaauts)
 A = Elapsed time spent in this place.
 B = Non-inter-level travel time spent in this place.
 C = Inter-level travel time spent in this place.
 D = Time resting spent in this place.
 E = Time spent auto-exploring this place.
 F = Levels seen in this place.
 G = Mean time per level.
                   A        B        C        D        E       F      G
               +--------+--------+--------+--------+--------+-----+--------+
         Total |   2852 |   2717 |    135 |      0 |   2228 |   4 |  713.0 |
       Dungeon |   2852 |   2717 |    135 |      0 |   2228 |   4 |  713.0 |
               +--------+--------+--------+--------+--------+-----+--------+

Top non-repeatable levels by time:
     D:3: 806 daAuts
     D:2: 793 daAuts
     D:1: 786 daAuts
     D:4: 466 daAuts
